 Dungeon Crawl Stone Soup version 0.28-b1-70-g80dc712255 (webtiles) character file.

Game seed: 17959620639941201523

2 cbfl8 the Sneak (level 1, -6/19 HPs)
             Began as a Minotaur Delver on Feb 3, 2022.
             Mangled by an iguana (12 damage)
             ... on level 3 of the Dungeon.
             The game lasted 00:00:59 (165 turns).

cbfl8 the Sneak (Minotaur Delver)                    Turns: 165, Time: 00:00:59

Health: -6/19      AC:  3    Str: 16    XL:     1   Next: 33%
Magic:  0/0        EV: 11    Int:  7    God:
Gold:   0          SH:  0    Dex: 11    Spells: 0/0 levels left

rFire   . . .      SeeInvis .   h - +0 mace (holy)
rCold   . . .      Faith    .   (no shield)
rNeg    . . .      Spirit   .   b - +0 leather armour
rPois   .          Reflect  .   (helmet restricted)
rElec   .          Harm     .   (no cloak)
rCorr   .          Rampage  .   (no gloves)
Will    .....                   (no boots)
Stlth   ++........              (no amulet)
HPRegen 0.06/turn               (no ring)
MPRegen 0.07/turn               (no ring)

@: no status effects
A: horns 2, retaliatory headbutt
a: no special abilities


You were on level 3 of the Dungeon.
You visited 1 branch of the dungeon, and saw 3 of its levels.

Inventory:

Hand Weapons
 a - a +0 hand axe
 h - a +0 mace of holy wrath (weapon)
Armour
 b - a +0 leather armour (worn)
Wands
 g - a wand of digging (3)
Scrolls
 c - a scroll of fog
 d - a scroll of magic mapping
 e - 2 scrolls of fear
Potions
 f - a potion of haste
 i - a potion of degeneration {unknown}


   Skills:
 + Level 3.6 Fighting
 + Level 2.4 Axes
 + Level 2.2 Dodging
 + Level 4.2 Stealth


You couldn't memorise any spells.
You didn't know any spells.
Your spell library was empty.

Dungeon Overview and Level Annotations

Branches:
Dungeon (5/15)
 Temple: D:4-7

Altars:

Annotations:
D:4 1 runed translucent door, Crazy Yiuf


Innate Abilities, Weirdness & Mutations

You have a pair of horns on your head.
You reflexively headbutt those who attack you in melee.


Message History

Found an escape hatch in the ceiling.
There is an escape hatch in the ceiling here.
A mysterious force pulls you upwards. The hatch slams shut behind you.
Found a glowing puce potion.
i - a glowing puce potion A hobgoblin comes into view.
Found a stone staircase leading down.
The hobgoblin shouts!
The hobgoblin closely misses you.
You barely miss the hobgoblin. The hobgoblin barely misses you.
You barely miss the hobgoblin. The hobgoblin closely misses you.
You hit the hobgoblin. You punch the hobgoblin.
You kill the hobgoblin!
You see here a hobgoblin corpse.
Found a stone staircase leading down.
Found a scroll of fear.
Found 20 arrows.
Found 16 stones.
Found 25 arrows.
e - 2 scrolls of fear (gained 1)
Found 10 gold pieces.
An iguana comes into view.
The iguana hisses angrily.
The iguana bites you.
You hit the iguana but do no damage. Your headbutt misses the iguana.
The iguana closely misses you. You furiously retaliate!
You headbutt the iguana. You barely miss the iguana.
The iguana is moderately wounded.
The iguana closely misses you.
You barely miss the iguana.
The iguana is moderately wounded.
The iguana bites you. The iguana bites you!
Ouch! That really hurt!
* * * LOW HITPOINT WARNING * * *
You hit the iguana.
The iguana is moderately wounded.
The iguana bites you!
Ouch! That really hurt!
You die...

#.#. ......# ##(#. #...
.....##..... #..#
##....#......
##.##...##.............
.......................
...........(...........
.......................
#.#..$##...............
#.....l@...............
...........###.#.>.....
.####......# #.........
#.......# ##..######
.....(.#.# #...#
.###....#.. ##..## .
#....###..##...# #....#
#......# ##..#..#####


You could see an iguana.

Vanquished Creatures
  2 hobgoblins
2 creatures vanquished.

Notes
Turn   | Place    | Note
-------+----------+-------------------------------------------
     0 | D:5      | cbfl8 the Minotaur Delver began the quest for the Orb.
     0 | D:5      | Reached XP level 1. HP: 19/19 MP: 0/0
    19 | D:4      | Noticed Crazy Yiuf
    19 | D:4      | Found a runed translucent door.
   156 | D:3      | Noticed an iguana
   165 | D:3      | Mangled by an iguana

Illustrated notes

Levels and vault maps discovered:
D:3:      layout_rooms, chequers_serial_rivers_micro_c
D:4:      layout_gridville, nicolae_gozag_conspicuous_consumption,
          chequers_serial_rivers_room_a, nicolae_take_the_stairs,
          corexii_hall_statues_u, grunt_tough_drop, uniq_crazy_yiuf_cottage
D:5:      layout_basic, minmay_temple_entry_purple_smoke

Action                   || total
-------------------------++-------
Melee: Mace              ||     9
       Punch             ||     1
Armor: Leather armour    ||     1
Dodge: Dodged            ||     7
